 Dungeon Crawl Stone Soup version 0.29.0-11-gd7f09526c8 (webtiles) character file.

Game seed: 12964799988874662292

5529 Bartlander the Carver (level 10, -3/123 HPs)
             Began as a Gnoll Cinder Acolyte on Sept 5, 2022.
             Was an Initiate of Ashenzari.
             Slain by a fire elemental (11 damage)
             ... created by the fiery vengeance of Ignis
             ... on level 8 of the Dungeon.
             The game lasted 00:40:08 (12742 turns).

Bartlander the Carver (Gnoll Cinder Acolyte)       Turns: 12742, Time: 00:40:09

Health: -3/123     AC: 25    Str: 17    XL:     10   Next: 70%
Magic:  19/19      EV:  2    Int: 15    God:    Ashenzari [......]
Gold:   1648       SH:  0    Dex:  7    Spells: 10/21 levels left

rFire   . . .      SeeInvis .   h - +2 war axe (flame)
rCold   + . .      Faith    .   (no shield)
rNeg    . . .      Spirit   .   (body armour currently unavailable)
rPois   +          Reflect  .   (helmet currently unavailable)
rElec   +          Harm     .   (cloak currently unavailable)
rCorr   +          Rampage  .   (gloves currently unavailable)
Will    .....      NoTele   +   (boots currently unavailable)
Stlth   +++.......              (no amulet)
HPRegen 0.30/turn               j - ring of protection from fire
MPRegen 0.16/turn               (no ring)

@: tree-form, resistant, fire susceptible
A: stationary, stasis, torment immunity, boosted hp, (fangs 1), strong nose,
distributed training
a: Renounce Religion


You were on level 8 of the Dungeon.
You worshipped Ashenzari.
Ashenzari was noncommittal.
You were a tree.
You visited 2 branches of the dungeon, and saw 10 of its levels.

You collected 1648 gold pieces.

Inventory:

Hand Weapons
 a - a -1 falchion of flaming
 h - a +2 war axe of flaming (weapon)
 t - a +1 vorpal triple sword
Missiles
 q - 2 throwing nets
 s - 22 poisoned darts (quivered)
 I - 2 atropa-tipped darts
Armour
 b - a +0 robe
 d - a +0 chain mail
 o - a +0 hat (melded)
 y - a +0 pair of gloves (melded)
 z - a +0 leather armour of cold resistance (melded)
 D - a +1 cloak (melded)
Magical Staves
 x - a staff of fire
Jewellery
 g - an amulet of faith
 j - a ring of protection from fire (left branch)
 B - a +6 ring of dexterity
Wands
 v - a wand of iceblast (8)
 A - a wand of paralysis (13)
Scrolls
 e - 3 scrolls of vulnerability
 i - 6 scrolls of teleportation
 p - 2 scrolls of magic mapping
 E - a scroll of brand weapon
 F - 4 scrolls of identify
 G - a scroll of enchant armour
 H - a scroll of fog
Potions
 f - a potion of haste
 k - 5 potions of curing
 l - a potion of cancellation {unknown}
 m - a potion of invisibility {unknown}
 n - a potion of might
 r - a potion of attraction {unknown}
 u - 2 potions of resistance
 w - a potion of flight {unknown}
 C - 2 potions of brilliance {unknown}


   Skills:
 + Level 8.8 Fighting
 + Level 5.7 Short Blades
 + Level 8.8 Long Blades
 + Level 5.7 Axes
 + Level 5.7 Maces & Flails
 + Level 5.7 Polearms
 + Level 5.7 Staves
 + Level 5.7 Ranged Weapons
 + Level 5.7 Throwing
 + Level 5.7 Armour
 + Level 5.7 Dodging
 + Level 5.7 Stealth
 + Level 5.7 Shields
 + Level 5.7 Unarmed Combat
 + Level 6.4 Spellcasting
 + Level 4.7 Conjurations
 + Level 4.7 Hexes
 + Level 4.7 Summonings
 + Level 4.7 Necromancy
 + Level 4.7 Translocations
 + Level 4.7 Transmutations
 + Level 7.3 Fire Magic
 + Level 4.7 Ice Magic
 + Level 4.7 Air Magic
 + Level 4.7 Earth Magic
 + Level 4.7 Poison Magic
 + Level 6.3 Invocations
 + Level 5.7 Evocations


You had 10 spell levels left.
You knew the following spells:

 Your Spells              Type           Power      Damage    Failure   Level
a - Scorch                Fire           52%        2d7       1%          2
b - Summon Small Mammal   Summ           76%        N/A       1%          1
c - Dazzling Flash        Conj/Hex       38%        N/A       6%          3
d - Fireball              Conj/Fire      11%        3d7       32%         5

Your spell library contained the following spells:

 Spells                   Type           Power      Damage    Failure   Level
 Apportation              Tloc           38%        N/A       1%          1
 Necrotise                Necr           76%        1d7       1%          1
 Ice Form                 Ice/Tmut       19%        N/A       21%         4
 Iskenderun's Mystic Bla  Conj/Tloc      19%        2d6       21%         4
 Starburst                Conj/Fire      11%        6d5       87%         6
 Orb of Destruction       Conj           9%         9d6       100%        7


Dungeon Overview and Level Annotations

Branches:
Dungeon (9/15)             Temple (1/1) D:7
   Lair: D:8-11         Orc: D:9-12

Altars:
Ashenzari
Cheibriados
Dithmenos
Elyvilon
Gozag
Hepliaklqana
Kikubaaqudgha
Makhleb
Nemelex Xobeh
Qazlal
Ru
Sif Muna
Trog
Uskayaw
Vehumet
Wu Jian
Xom
Yredelemnul
Zin
The Shining One

Shops:
D:3 *

Annotations:
D:7 1 runed translucent door, Crazy Yiuf


Innate Abilities, Weirdness & Mutations

You are a tree.
Your roots penetrate the ground, keeping you stationary.
You cannot be teleported.
You are immune to unholy pain and torment.
Your maximum health is greatly increased.
Your equipment is partially melded.
((You have very sharp teeth.))
Your uncanny sense of smell can sniff out nearby items.
Your experience applies equally to all skills.


Message History

Okay, then.
Unknown command.
Aiming: Iceblast
Press: ? - help, Shift-Dir - straight line
Okay, then.
Unknown command.
You closely miss the fire elemental. Your bite misses the fire elemental.
You barely miss the fire elemental. The fire elemental hits you.
The fire elemental burns you! The fire elemental hits you.
The fire elemental burns you! The fire elemental misses you.
You slash the fire elemental! Your bite misses the fire elemental.
The fire elemental is moderately damaged.
You hit the fire elemental. The fire elemental closely misses you.
The fire elemental barely misses you. The fire elemental hits you.
The fire elemental burns you!
* * * LOW HITPOINT WARNING * * *
The fire elemental closely misses you.
Really quaff the potion of lignification?
You turn into a tree.
Your +1 cloak melds into your body.
Your +0 hat melds into your body.
Your +0 pair of gloves melds into your body.
Your +0 leather armour of cold resistance melds into your body.
You feel less resistant to cold.
Your roots penetrate the ground.
The fire elemental hits you. The fire elemental burns you!
* * * LOW HITPOINT WARNING * * *
The fire elemental hits you. The fire elemental burns you!
* * * LOW HITPOINT WARNING * * *
You feel protected. The fire elemental hits you. The fire elemental burns you!
* * * LOW HITPOINT WARNING * * *
The fire elemental hits you. The fire elemental burns you!
* * * LOW HITPOINT WARNING * * *
Unknown command.
Unknown command.
Unknown command.
You miss the fire elemental.
The fire elemental is moderately damaged.
You completely miss the fire elemental. The fire elemental hits you. x2
The fire elemental burns you!
You die...

#..# #..........##
#..## #...........#
#...# #.......#####
##..## ##.....##
##..## #.....#
##..## ##...##
##..## ##..## ##EE#
##..# ##♣# #..# #)#
##.## ##.# #..#
#..# ##.## #..##
##..#### #...#
####...##.#
##..#####.........#
#...............##
##..)...........##


You could see 2 fire elementals.

Vanquished Creatures
  Gastronok (D:8)
  A gargoyle (D:8)
  A troll (D:9)
  Prince Ribbit (D:6)
  Grinder (D:5)
  Sigmund (D:6)
  A wyvern (D:8)
  4 yaks (D:8)
  2 water moccasins
  An ice beast (D:6)
  An ogre (D:7)
  A phantom (D:5)
  5 centaurs
  Blork the orc (D:6)
  A kobold brigand (D:8)
  3 bullfrogs
  A necrophage (D:6)
  5 scorpions
  9 wights
  4 hounds
  2 jellies (D:6)
  2 gnoll boudas
  2 orc priests
  5 orc wizards
  8 gnolls
  10 adders
  2 white imps
  2 ufetubi
  A worm (D:4)
  5 dart slugs
  35 orcs
  4 bats
  9 endoplasms
  4 giant cockroaches
  3 goblins
  10 hobgoblins
  3 jackals (D:4)
  6 kobolds
  3 quokkas
  4 ball pythons
  2 frilled lizards (D:3)
  A rat (D:2)
168 creatures vanquished.

Vanquished Creatures (others)
  81 foxfires
  2 plants (D:2)
83 creatures vanquished.

Grand Total: 251 creatures vanquished

Notes
Turn   | Place    | Note
-------+----------+-------------------------------------------
     0 | D:1      | Bartlander the Gnoll Cinder Acolyte began the quest for the
                  | Orb.
     0 | D:1      | Reached XP level 1. HP: 23/23 MP: 4/4
   140 | D:1      | Reached XP level 2. HP: 24/29 MP: 5/5
   638 | D:1      | Reached XP level 3. HP: 35/35 MP: 7/7
   651 | D:1      | Found a faded altar of an unknown god.
  1083 | D:2      | Found an ornate altar of the Wu Jian Council.
  1279 | D:2      | Got Sif Muna's Teachings on the Combative Blizzard
  1401 | D:2      | Reached skill level 1 in Invocations
  1539 | D:2      | Reached skill level 1 in Short Blades
  1539 | D:2      | Reached skill level 1 in Axes
  1539 | D:2      | Reached skill level 1 in Maces & Flails
  1539 | D:2      | Reached skill level 1 in Polearms
  1539 | D:2      | Reached skill level 1 in Staves
  1539 | D:2      | Reached skill level 1 in Ranged Weapons
  1539 | D:2      | Reached skill level 1 in Throwing
  1539 | D:2      | Reached skill level 1 in Armour
  1539 | D:2      | Reached skill level 1 in Dodging
  1539 | D:2      | Reached skill level 1 in Stealth
  1539 | D:2      | Reached skill level 1 in Shields
  1539 | D:2      | Reached skill level 1 in Unarmed Combat
  1539 | D:2      | Reached skill level 1 in Evocations
  2022 | D:2      | Reached XP level 4. HP: 38/41 MP: 8/8
  2377 | D:3      | Found Risobi Guqi's Assorted Antiques.
  2463 | D:3      | Reached skill level 1 in Conjurations
  2463 | D:3      | Reached skill level 1 in Hexes
  2463 | D:3      | Reached skill level 1 in Summonings
  2463 | D:3      | Reached skill level 1 in Necromancy
  2463 | D:3      | Reached skill level 1 in Translocations
  2463 | D:3      | Reached skill level 1 in Transmutations
  2463 | D:3      | Reached skill level 1 in Ice Magic
  2463 | D:3      | Reached skill level 1 in Air Magic
  2463 | D:3      | Reached skill level 1 in Earth Magic
  2463 | D:3      | Reached skill level 1 in Poison Magic
  2947 | D:3      | Found a hazy altar of Hepliaklqana.
  2952 | D:3      | Identified a scroll of acquirement
  2952 | D:3      | Acquired a +1 vorpal triple sword
  3350 | D:4      | Reached XP level 5. HP: 16/47 MP: 9/9
  4466 | D:4      | Reached XP level 6. HP: 53/53 MP: 11/11
  4935 | D:5      | Entered Level 5 of the Dungeon
  4935 | D:5      | Found an opulent altar of Gozag.
  5287 | D:5      | Noticed Grinder
  5396 | D:5      | Killed Grinder
  5397 | D:5      | Reached XP level 7. HP: 45/60 MP: 12/12
  6121 | D:5      | Reached XP level 8. HP: 66/67 MP: 14/14
  6178 | D:5      | Found a white marble altar of Elyvilon.
  6203 | D:5      | Found a shimmering blue altar of Sif Muna.
  7060 | D:6      | Noticed Prince Ribbit
  7208 | D:6      | Killed Prince Ribbit
  7327 | D:6      | Noticed Sigmund
  7337 | D:6      | Killed Sigmund
  7338 | D:6      | Reached XP level 9. HP: 71/73 MP: 16/16
  7383 | D:6      | Reached skill level 5 in Spellcasting
  7911 | D:6      | Acquired 1063 gold pieces
  7972 | D:6      | Noticed Blork the orc
  7996 | D:6      | Killed Blork the orc
  8938 | D:7      | Found a staircase to the Ecumenical Temple.
  8953 | Temple   | Entered the Ecumenical Temple
  8996 | D:7      | Found a runed translucent door.
  8997 | D:7      | Noticed Crazy Yiuf
  9043 | D:7      | Reached skill level 5 in Invocations
  9236 | D:7      | Found a glowing golden altar of the Shining One.
  9845 | D:8      | Reached skill level 5 in Short Blades
  9845 | D:8      | Reached skill level 5 in Axes
  9845 | D:8      | Reached skill level 5 in Maces & Flails
  9845 | D:8      | Reached skill level 5 in Polearms
  9845 | D:8      | Reached skill level 5 in Staves
  9845 | D:8      | Reached skill level 5 in Ranged Weapons
  9845 | D:8      | Reached skill level 5 in Throwing
  9845 | D:8      | Reached skill level 5 in Armour
  9845 | D:8      | Reached skill level 5 in Dodging
  9845 | D:8      | Reached skill level 5 in Stealth
  9845 | D:8      | Reached skill level 5 in Shields
  9845 | D:8      | Reached skill level 5 in Unarmed Combat
  9845 | D:8      | Reached skill level 5 in Evocations
  9845 | D:8      | Reached XP level 10. HP: 48/81 MP: 18/18
 10157 | D:8      | Noticed Gastronok
 10197 | D:8      | Killed Gastronok
 10460 | D:8      | Noticed a gargoyle
 10500 | D:7      | Learned a level 2 spell: Scorch
 10502 | D:7      | Learned a level 1 spell: Summon Small Mammal
 10506 | D:7      | Learned a level 3 spell: Dazzling Flash
 10512 | D:7      | Learned a level 5 spell: Fireball
 11529 | D:8      | Killed a gargoyle
 12098 | Temple   | Fell from the grace of Ignis
 12098 | Temple   | Became a worshipper of Ashenzari the Shackled
 12742 | D:8      | Slain by a fire elemental

Illustrated notes

Levels and vault maps discovered:
D:1:      dpeg_arrival_rooms_a, layout_rooms,
          dreamdust_ecumenical_altar_angels_and_demons
D:2:      layout_basic, basic_altar, serial_forest, infiniplex_forest_split,
          infiniplex_forest_straight_4, infiniplex_forest_clump_small,
          infiniplex_forest_clump_small, infiniplex_forest_clump_medium,
          infiniplex_forest_pool, infiniplex_forest_lined_3_way,
          infiniplex_forest_clump_double
D:3:      layout_loops_ring, worldfamousw_hep_ancestral_shrine, serial_shops,
          shop, minmay_fractal_squares_gapless_5
D:4:      layout_cave_pods, minivault_24
D:5:      layout_cave_pods, nicolae_overflow_hidden_temple,
          mainiacjoe_overflow_catwalk_spiral, minmay_starry_boxes, uniq_grinder
D:6:      layout_cave_pools, minmay_between, uniq_blork_the_orc,
          uniq_prince_ribbit1, uniq_sigmund
D:7:      layout_gridville, tso_altar, temple_pool_b, small_statue_intersection,
          uniq_crazy_yiuf_cottage
D:8:      layout_layer_cave, uniq_gastronok
D:9:      layout_loops_ring, david_orc_1_choice, uniq_psyche
Temple:   nicolae_temple_no_exploring_needed

Skill      XL: |  1  2  3  4  5  6  7  8  9 10 |
---------------+-------------------------------+-----
Invocations    | 1 2 3 4 5 6 |  6.3
Short Blades   | 1 2 3 4 5 |  5.7
Axes           | 1 2 3 4 5 |  5.7
Maces & Flails | 1 2 3 4 5 |  5.7
Polearms       | 1 2 3 4 5 |  5.7
Staves         | 1 2 3 4 5 |  5.7
Ranged Weapons | 1 2 3 4 5 |  5.7
Throwing       | 1 2 3 4 5 |  5.7
Armour         | 1 2 3 4 5 |  5.7
Dodging        | 1 2 3 4 5 |  5.7
Stealth        | 1 2 3 4 5 |  5.7
Shields        | 1 2 3 4 5 |  5.7
Unarmed Combat | 1 2 3 4 5 |  5.7
Evocations     | 1 2 3 4 5 |  5.7
Spellcasting   | 3 4 5 6 |  6.4
Conjurations   | 1 2 3 4 |  4.7
Hexes          | 1 2 3 4 |  4.7
Summonings     | 1 2 3 4 |  4.7
Necromancy     | 1 2 3 4 |  4.7
Translocations | 1 2 3 4 |  4.7
Transmutations | 1 2 3 4 |  4.7
Ice Magic      | 1 2 3 4 |  4.7
Air Magic      | 1 2 3 4 |  4.7
Earth Magic    | 1 2 3 4 |  4.7
Poison Magic   | 1 2 3 4 |  4.7
Fighting       | 7 8 |  8.8
Long Blades    | 7 8 |  8.8
Fire Magic     | 6 7 |  7.3

Action                   |  1- 3 |  4- 6 |  7- 9 | 10-12 || total
-------------------------+-------+-------+-------+-------++-------
Melee: Falchion          |   118 |   238 |    53 |       ||   409
       Bite              |    12 |    16 |    20 |    10 ||    58
       Punch             |     1 |     1 |     8 |     4 ||    14
       Triple sword      |       |    14 |       |       ||    14
       War axe           |       |       |   214 |    79 ||   293
Throw: Dart              |       |    12 |     9 |    30 ||    51
 Cast: Scorch            |       |       |       |    16 ||    16
       Summon Small Mamm |       |       |       |     4 ||     4
       Fireball          |       |       |       |     1 ||     1
Invok: Fiery Armour      |       |     1 |     4 |       ||     5
       Foxfire Swarm     |       |     1 |     3 |     1 ||     5
       Rising Flame      |       |       |       |     1 ||     1
  Use: Scroll            |     5 |     7 |     4 |     1 ||    17
       Potion            |       |     2 |     3 |     5 ||    10
 Stab: Invisible         |       |       |       |     1 ||     1
Armor: Chain mail        |    56 |   140 |   172 |    26 ||   394
       Skin              |       |       |    17 |    11 ||    28
       Leather armour    |       |       |       |    24 ||    24
Dodge: Dodged            |    36 |    88 |   122 |    66 ||   312
